Golden Knights vs Stars
(R1)
Created - May 23, 2021 at 20:59
Goals
|
| Golden Knights |
1 |
1 |
4 |
6 |
| Stars |
1 |
0 |
3 |
4 |
|
Shots
|
| Golden Knights |
10 |
14 |
15 |
39 |
| Stars |
15 |
4 |
21 |
40 |
|
1st period
1. Stars , Cory Emmerton 3 (Shane O'Brien 2, Alex Chiasson 3) at 3:30
2. Golden Knights , Andrei Loktionov 1 (Ilya Kovalchuk 4) at 10:49 (PP)
Penalties :
Thomas Vanek (Vgs) for Holding (Minor) at 4:10, B.J. Crombeen (Dal) for Hooking (Minor) at 10:38, Brian Lee (Dal) for Holding (Minor) at 19:03
2nd period
3. Golden Knights , Michael Frolik 5 (Ilya Kovalchuk 5, Jared Cowen 3) at 0:14 (PP)
Penalties :
John Tavares (Dal) for Slashing (Minor) at 3:14, Boris Valabik (Dal) for Slashing (Minor) at 9:06, John Tavares (Dal) for Hooking (Minor) at 13:58, Vladimir Mihalik (Vgs) for Hooking (Minor) at 17:01
3rd period
4. Stars , Jussi Jokinen 3 (Shane O'Brien 3, Alex Chiasson 4) at 1:16
5. Stars , Michael Grabner 4 (Ian White 4, Guillaume Latendresse 6) at 11:29 (PP)
6. Golden Knights , Patrice Cormier 1 (Michael Kostka 2, Nathan Horton 2) at 12:31
7. Golden Knights , Zach Bogosian 2 (Michael Frolik 15) at 13:06
8. Golden Knights , Wayne Simmonds 4 (Zach Bogosian 7, Thomas Vanek 3) at 14:16 (PP)
9. Golden Knights , Matt Stajan 4 (Jared Cowen 4, Wayne Simmonds 5) at 14:52 (PP)
10. Stars , Cory Emmerton 4 (Shane O'Brien 4, B.J. Crombeen 3) at 16:26
Penalties :
Wayne Simmonds (Vgs) for Holding (Minor) at 8:24, Brian Lee (Dal) for Slashing (Minor) at 8:29, Wayne Simmonds (Vgs) for Hooking (Minor) at 10:48, John Tavares (Dal) for Roughing (Double Minor) at 13:42, Brian Lee (Dal) for Holding (Minor) at 16:44, Brian Lee (Dal) for Interference (Minor) at 19:26
Goalie Stats
Ondrej Pavelec (Vgs), 36 saves from 40 shots - (0.900), W, 5-2-1, 60:00 minutes
Matt Murray (Dal), 33 saves from 39 shots - (0.846), L, 2-1-0, 60:00 minutes
Players Stats for Golden Knights
Player Name G A P +/- PIM S H SB GA TA FO MP PP MP PK MP
------------------------------------------------------------------------------------
Andrei Loktionov 1 0 1 0 0 4 0 1 0 0 21/39 21:46 6:31 1:21
Chris Tierney 0 0 0 0 0 0 0 0 0 0 3/3 6:00 0:00 0:05
Ilya Kovalchuk 0 2 2 0 0 4 3 0 0 1 1/2 24:00 6:30 2:46
Jared Cowen 0 2 2 -1 0 1 0 0 1 0 0/0 30:34 7:48 3:08
Mathew Dumba 0 0 0 1 0 1 2 1 0 0 0/0 18:13 3:18 1:36
Matt Stajan 1 0 1 -1 0 1 2 1 0 1 3/10 16:37 4:29 1:21
Michael Frolik 1 1 2 0 0 6 1 0 2 0 5/9 24:13 6:36 2:47
Michael Kostka 0 1 1 1 0 1 1 0 0 0 0/0 18:13 3:18 1:36
Nathan Horton 0 1 1 0 0 5 1 0 2 0 1/1 12:40 0:07 0:00
Patrice Cormier 1 0 1 0 0 5 1 0 2 0 6/8 12:28 0:01 0:00
Sergei Plotnikov 0 0 0 0 0 1 0 0 0 0 1/1 6:36 0:00 0:30
Shawn Matthias 0 0 0 0 0 7 0 0 0 0 1/1 12:31 0:00 0:38
Thomas Vanek 0 1 1 -1 2 0 3 0 0 0 1/1 14:58 4:29 0:00
Vladimir Mihalik 0 0 0 -1 2 1 0 1 0 1 0/0 11:12 0:00 0:00
Vladimir Zharkov 0 0 0 0 0 0 0 0 0 0 0/0 6:12 0:01 0:00
Wayne Simmonds 1 1 2 -1 4 1 1 0 0 0 1/1 15:18 4:34 0:00
Wes O'Neill 0 0 0 -1 0 0 0 0 0 0 0/0 11:13 0:00 0:00
Zach Bogosian 1 1 2 -1 0 1 2 6 1 0 0/0 30:34 7:48 3:08
Players Stats for Stars
Player Name G A P +/- PIM S H SB GA TA FO MP PP MP PK MP
------------------------------------------------------------------------------------
Alex Chiasson 0 2 2 0 0 4 0 2 0 0 0/0 14:17 1:48 0:00
Alexander Frolov 0 0 0 2 0 3 0 1 0 0 0/0 10:51 0:09 2:06
Antoine Vermette 0 0 0 0 0 1 1 0 0 0 5/13 16:15 1:48 1:58
B.J. Crombeen 0 1 1 2 2 1 0 0 0 0 0/1 8:23 0:00 0:00
Boris Valabik 0 0 0 2 2 1 4 1 0 0 0/0 21:57 1:22 5:25
Brian Lee 0 0 0 -1 8 2 4 4 2 1 0/0 26:53 3:21 4:23
Cam Atkinson 0 0 0 0 0 1 0 0 0 0 0/0 5:34 0:00 0:00
Cory Emmerton 2 0 2 2 0 3 0 0 0 0 2/4 9:03 0:09 0:00
Evgeny Grachev 0 0 0 0 0 1 1 1 0 0 3/8 9:38 0:00 3:21
Guillaume Latendresse 0 1 1 -1 0 4 1 3 0 1 1/3 25:40 2:47 6:37
Ian White 0 1 1 -1 0 1 3 1 1 1 0/0 30:30 3:09 6:49
John Tavares 0 0 0 -1 8 4 1 0 0 0 19/42 22:43 2:56 3:44
Jussi Jokinen 1 0 1 0 0 6 3 0 0 2 1/1 17:34 1:48 2:13
Michael Grabner 1 0 1 -1 0 4 2 0 0 0 1/4 20:41 2:47 2:13
Paul Ladue 0 0 0 0 0 0 0 1 0 1 0/0 11:46 0:00 1:30
Shane O'Brien 0 3 3 2 0 1 0 1 0 2 0/0 19:45 1:35 4:05
Ted Purcell 0 0 0 0 0 1 0 1 0 0 0/0 5:34 0:00 0:00
Tyson Barrie 0 0 0 0 0 2 1 0 0 0 0/0 9:47 0:00 0:00
3 Stars
1 - Cory Emmerton (Dal)
2 - Zach Bogosian (Vgs)
3 - Shane O'Brien (Dal)
Power Play
Golden Knights - 4 on 10 Attempt(s) - 40.00%
Stars - 1 on 4 Attempt(s) - 25.00%
Penalty Kill
Golden Knights - 3 on 4 Attempt(s) - 75.00%
- Score 0 goal in Penalty Kill
Stars - 6 on 10 Attempt(s) - 60.00%
- Score 0 goal in Penalty Kill
Team Stat
Golden Knights - Hits : 17 - Faceoff Wins : 44 - Blocked Shots : 10 - Penalty Minutes : 8
Stars - Hits : 21 - Faceoff Wins : 32 - Blocked Shots : 16 - Penalty Minutes : 20
Official
Referees : Unknown
Linesman : Unknown
Game Notes
No Game Note
Finance
Level 1 -- Attendance: 5488 (91.47%) -- Ticket Income $686,000
Level 2 -- Attendance: 4677 (93.54%) -- Ticket Income $350,775
Level 3 -- Attendance: 1947 (97.35%) -- Ticket Income $97,350
Level 4 -- Attendance: 3678 (91.95%) -- Ticket Income $147,120
Luxury Box -- Attendance: 894 (89.40%) -- Ticket Income $223,500
Game was played at the American Airlines Center.
Total Attendance: 16684 (92.69%)
Total Ticket Income: $1,504,745
Other Income: $225,712
Total Income: $1,730,457
Golden Knights
5 vs 5 Forward
Center Left Wing Right Wing Time % Phy DF OF
1 Andrei Loktionov Ilya Kovalchuk Michael Frolik 40 1 2 2
2 Matt Stajan Thomas Vanek Wayne Simmonds 30 1 2 2
3 Patrice Cormier Shawn Matthias Nathan Horton 20 1 2 2
4 Chris Tierney Sergei Plotnikov Vladimir Zharkov 10 1 2 2
5 vs 5 Defense
Defense Defense Time % Phy DF OF
1 Zach Bogosian Jared Cowen 40 1 2 2
2 Michael Kostka Mathew Dumba 30 1 2 2
3 Vladimir Mihalik Wes O'Neill 20 1 2 2
4 Zach Bogosian Jared Cowen 10 1 2 2
PowerPlay Forward
Center Left Wing Right Wing Time % Phy DF OF
1 Andrei Loktionov Ilya Kovalchuk Michael Frolik 60 1 2 2
2 Matt Stajan Thomas Vanek Wayne Simmonds 40 1 2 2
PowerPlay Defense
Defense Defense Time % Phy DF OF
1 Zach Bogosian Jared Cowen 60 1 2 2
2 Michael Kostka Mathew Dumba 40 1 2 2
Penalty Kill 4 Players Forward
Center Wing Time % Phy DF OF
1 Michael Frolik Ilya Kovalchuk 60 1 2 2
2 Andrei Loktionov Matt Stajan 40 1 2 2
Penalty Kill 4 Players Defense
Defense Defense Time % Phy DF OF
1 Zach Bogosian Jared Cowen 60 1 2 2
2 Michael Kostka Mathew Dumba 40 1 2 2
Penalty Kill - 3 Players Forward
Forward Time % Phy DF OF
1 Michael Frolik 60 1 2 2
2 Ilya Kovalchuk 40 1 2 2
Penalty Kill - 3 Players Defense
Defense Defense Time % Phy DF OF
1 Zach Bogosian Jared Cowen 60 1 2 2
2 Michael Kostka Mathew Dumba 40 1 2 2
4 vs 4 Forward
Center Wing Time % Phy DF OF
1 Michael Frolik Ilya Kovalchuk 60 1 2 2
2 Andrei Loktionov Matt Stajan 40 1 2 2
4 vs 4 Defense
Defense Defense Time % Phy DF OF
1 Zach Bogosian Jared Cowen 60 1 2 2
2 Michael Kostka Mathew Dumba 40 1 2 2
Last Minutes Offensive
Center Left Wing Right Wing Defense Defense
Andrei Loktionov Ilya Kovalchuk Michael Frolik Zach Bogosian Jared Cowen
Last Minutes Defensive
Center Left Wing Right Wing Defense Defense
Andrei Loktionov Ilya Kovalchuk Michael Frolik Zach Bogosian Jared Cowen
Goaltenders
Starting : Ondrej Pavelec
Backup : Matt Hackett
Extra Forwards
Normal : Nathan Horton, Patrice Cormier, Shawn Matthias - PP : Nathan Horton, Patrice Cormier - PK : Shawn Matthias
Extra Defensemen
Normal : Vladimir Mihalik, Wes O'Neill, Michael Kostka - PP : Vladimir Mihalik - PK : Wes O'Neill, Michael Kostka
Penalty Shots
Michael Frolik, Ilya Kovalchuk, Andrei Loktionov, Matt Stajan, Thomas Vanek
Scratches
Sebastian Aho (Healthy)
Stars
5 vs 5 Forward
Center Left Wing Right Wing Time % Phy DF OF
1 John Tavares Guillaume Latendresse Michael Grabner 40 1 2 2
2 Antoine Vermette Jussi Jokinen Alex Chiasson 30 1 2 2
3 Cory Emmerton Alexander Frolov B.J. Crombeen 20 1 2 2
4 Evgeny Grachev Ted Purcell Cam Atkinson 10 1 2 2
5 vs 5 Defense
Defense Defense Time % Phy DF OF
1 Ian White Brian Lee 40 1 2 2
2 Shane O'Brien Boris Valabik 30 1 2 2
3 Tyson Barrie Paul Ladue 20 1 2 2
4 Ian White Brian Lee 10 1 2 2
PowerPlay Forward
Center Left Wing Right Wing Time % Phy DF OF
1 John Tavares Guillaume Latendresse Michael Grabner 60 0 1 4
2 Antoine Vermette Jussi Jokinen Alex Chiasson 40 0 1 4
PowerPlay Defense
Defense Defense Time % Phy DF OF
1 Ian White Brian Lee 60 0 1 4
2 Shane O'Brien Boris Valabik 40 0 1 4
Penalty Kill 4 Players Forward
Center Wing Time % Phy DF OF
1 John Tavares Guillaume Latendresse 60 0 3 2
2 Jussi Jokinen Michael Grabner 40 0 3 2
Penalty Kill 4 Players Defense
Defense Defense Time % Phy DF OF
1 Ian White Brian Lee 60 0 3 2
2 Shane O'Brien Boris Valabik 40 0 3 2
Penalty Kill - 3 Players Forward
Forward Time % Phy DF OF
1 John Tavares 60 0 3 2
2 Guillaume Latendresse 40 0 3 2
Penalty Kill - 3 Players Defense
Defense Defense Time % Phy DF OF
1 Ian White Brian Lee 60 0 3 2
2 Shane O'Brien Boris Valabik 40 0 3 2
4 vs 4 Forward
Center Wing Time % Phy DF OF
1 John Tavares Guillaume Latendresse 60 0 2 3
2 Jussi Jokinen Michael Grabner 40 0 2 3
4 vs 4 Defense
Defense Defense Time % Phy DF OF
1 Ian White Brian Lee 60 0 2 3
2 Shane O'Brien Boris Valabik 40 0 2 3
Last Minutes Offensive
Center Left Wing Right Wing Defense Defense
John Tavares Guillaume Latendresse Michael Grabner Ian White Brian Lee
Last Minutes Defensive
Center Left Wing Right Wing Defense Defense
John Tavares Guillaume Latendresse Michael Grabner Ian White Brian Lee
Goaltenders
Starting : Matt Murray
Backup : Cory Schneider
Extra Forwards
Normal : Jussi Jokinen, Cory Emmerton, Evgeny Grachev - PP : Alexander Frolov, Cory Emmerton - PK : Evgeny Grachev
Extra Defensemen
Normal : Shane O'Brien, Boris Valabik, Tyson Barrie - PP : Shane O'Brien - PK : Boris Valabik, Shane O'Brien
Penalty Shots
John Tavares, Guillaume Latendresse, Jussi Jokinen, Michael Grabner, Antoine Vermette
Scratches
Andrej Sustr (Healthy), Damien Brunner (Healthy)
% Time on Ice - Golden Knights
Lines # - Real PCT - Wanted PCT - Time Play
Normal Forward
1 - 34% - 40% - 14:17
2 - 25% - 30% - 10:26
3 - 28% - 20% - 11:42
4 - 14% - 10% - 5:51
Normal Defense
1 - 41% - 40% - 17:28
2 - 29% - 30% - 12:26
3 - 27% - 20% - 11:13
4 - 3% - 10% - 1:09
PP Forward
1 - 60% - 60% - 6:37
2 - 40% - 40% - 4:29
PP Defense
1 - 70% - 60% - 7:48
2 - 30% - 40% - 3:18
PK Forward
1 - 71% - 60% - 3:23
2 - 29% - 40% - 1:21
PK Defense
1 - 66% - 60% - 3:08
2 - 34% - 40% - 1:36
PK3 Forward
1 - 0% - 60%
2 - 0% - 40%
PK3 Defense
1 - 0% - 60%
2 - 0% - 40%
44 Forward
1 - 82% - 60% - 1:33
2 - 18% - 40% - 0:21
44 Defense
1 - 54% - 60% - 1:01
2 - 46% - 40% - 0:53
Last Minute Offensive - 0:00
Last Minute Defensive - 0:00
Total
Forward - 60:00
Defense - 60:00
|
% Time on Ice - Stars
Lines # - Real PCT - Wanted PCT - Time Play
Normal Forward
1 - 36% - 40% - 15:20
2 - 31% - 30% - 12:58
3 - 20% - 20% - 8:24
4 - 13% - 10% - 5:34
Normal Defense
1 - 44% - 40% - 18:28
2 - 34% - 30% - 14:26
3 - 20% - 20% - 8:15
4 - 3% - 10% - 1:07
PP Forward
1 - 62% - 60% - 2:56
2 - 38% - 40% - 1:48
PP Defense
1 - 71% - 60% - 3:22
2 - 29% - 40% - 1:22
PK Forward
1 - 80% - 60% - 8:53
2 - 20% - 40% - 2:13
PK Defense
1 - 68% - 60% - 7:30
2 - 32% - 40% - 3:36
PK3 Forward
1 - 0% - 60%
2 - 0% - 40%
PK3 Defense
1 - 0% - 60%
2 - 0% - 40%
44 Forward
1 - 84% - 60% - 1:36
2 - 16% - 40% - 0:18
44 Defense
1 - 100% - 60% - 1:54
2 - 0% - 40% - 0:00
Last Minute Offensive - 0:00
Last Minute Defensive - 0:00
Total
Forward - 60:00
Defense - 60:00
|
Play-by-Play
1st period
0:01 of 1st period - Andrei Loktionov wins face-off versus John Tavares in neutral zone.
0:26 of 1st period - Zach Bogosian is hit by Jussi Jokinen and loses puck.
0:53 of 1st period - Wrist shot by Alexander Frolov.
0:53 of 1st period - Stopped by Ondrej Pavelec without a rebound.
0:54 of 1st period - Sergei Plotnikov wins face-off versus Evgeny Grachev in Golden Knights zone.
1:01 of 1st period - Wrist shot by Cam Atkinson.
1:01 of 1st period - Stopped by Ondrej Pavelec with a rebound.
1:03 of 1st period - Slapshot by Paul Ladue.
1:03 of 1st period - Shot Misses the Net.
1:21 of 1st period - Michael Grabner is hit by Ilya Kovalchuk and loses puck.
2:08 of 1st period - Wrist shot by Cory Emmerton.
2:08 of 1st period - Deflect By Alexander Frolov.
2:08 of 1st period - Shot Misses the Net.
2:08 of 1st period - Puck is out of play.
2:09 of 1st period - John Tavares wins face-off versus Andrei Loktionov in Golden Knights zone.
2:10 of 1st period - Wrist shot by Michael Grabner.
2:10 of 1st period - Stopped by Ondrej Pavelec without a rebound.
2:11 of 1st period - John Tavares wins face-off versus Andrei Loktionov in Golden Knights zone.
2:26 of 1st period - Backhand shot by Michael Frolik.
2:26 of 1st period - Shot Blocked by Guillaume Latendresse.
2:34 of 1st period - Andrei Loktionov is hit by Brian Lee and loses puck.
2:56 of 1st period - Off-side.
2:57 of 1st period - Wayne Simmonds wins face-off versus Antoine Vermette in neutral zone.
3:14 of 1st period - Snap shot by Jussi Jokinen.
3:14 of 1st period - Stopped by Ondrej Pavelec with a rebound.
3:26 of 1st period - Wrist shot by Cory Emmerton.
3:26 of 1st period - Shot Blocked by Zach Bogosian.
3:28 of 1st period - Slapshot by Shane O'Brien.
3:28 of 1st period - Shot Misses the Net.
3:30 of 1st period - Snap shot by Cory Emmerton.
3:30 of 1st period - Goal by Cory Emmerton - Golden Knights : 0 - Stars : 1.
3:31 of 1st period - Cory Emmerton wins face-off versus Patrice Cormier in neutral zone.
3:46 of 1st period - Slapshot by Zach Bogosian.
3:46 of 1st period - Deflect By Shawn Matthias.
3:46 of 1st period - Shot Misses the Net.
3:46 of 1st period - Puck is out of play.
3:47 of 1st period - Antoine Vermette wins face-off versus Matt Stajan in Stars zone.
4:02 of 1st period - Slapshot by Jussi Jokinen.
4:02 of 1st period - Stopped by Ondrej Pavelec with a rebound.
4:10 of 1st period - Minor Penalty to Thomas Vanek for Holding.
4:11 of 1st period - John Tavares wins face-off versus Michael Frolik in Golden Knights zone.
4:12 of 1st period - Wrist shot by Guillaume Latendresse.
4:12 of 1st period - Stopped by Ondrej Pavelec with a rebound.
4:47 of 1st period - Mathew Dumba is hit by Jussi Jokinen and loses puck.
5:18 of 1st period - Zach Bogosian is hit by John Tavares and loses puck.
6:10 of 1st period - Penalty to Thomas Vanek is over, Thomas Vanek is back on ice.
8:07 of 1st period - Ian White is hit by Mathew Dumba and loses puck.
8:26 of 1st period - Wrist shot by Shawn Matthias.
8:26 of 1st period - Stopped by Matt Murray with a rebound.
8:28 of 1st period - Wrist shot by Patrice Cormier.
8:28 of 1st period - Deflect By Shawn Matthias.
8:28 of 1st period - Shot Hit the Post.
8:28 of 1st period - Puck is out of play.
8:29 of 1st period - Andrei Loktionov wins face-off versus Antoine Vermette in Stars zone.
8:38 of 1st period - Snap shot by Ian White.
8:38 of 1st period - Deflect By Antoine Vermette.
8:38 of 1st period - Stopped by Ondrej Pavelec without a rebound.
8:39 of 1st period - Andrei Loktionov wins face-off versus Antoine Vermette in Golden Knights zone.
8:50 of 1st period - Snap shot by Alex Chiasson.
8:50 of 1st period - Shot Blocked by Vladimir Mihalik.
8:52 of 1st period - Slapshot by Antoine Vermette.
8:52 of 1st period - Shot Blocked by Andrei Loktionov.
8:54 of 1st period - Slapshot by Brian Lee.
8:54 of 1st period - Stopped by Ondrej Pavelec without a rebound.
8:55 of 1st period - John Tavares wins face-off versus Matt Stajan in Golden Knights zone.
9:02 of 1st period - Slapshot by Brian Lee.
9:02 of 1st period - Shot Blocked by Zach Bogosian.
9:04 of 1st period - Snap shot by Guillaume Latendresse.
9:04 of 1st period - Stopped by Ondrej Pavelec with a rebound.
9:35 of 1st period - Ilya Kovalchuk is hit by Jussi Jokinen and loses puck.
9:55 of 1st period - Snap shot by Shawn Matthias.
9:55 of 1st period - Stopped by Matt Murray without a rebound.
9:56 of 1st period - John Tavares wins face-off versus Matt Stajan in Stars zone.
10:38 of 1st period - Minor Penalty to B.J. Crombeen for Hooking.
10:39 of 1st period - John Tavares wins face-off versus Andrei Loktionov in Stars zone.
10:47 of 1st period - Slapshot by Ilya Kovalchuk.
10:47 of 1st period - Shot Misses the Net.
10:49 of 1st period - Wrist shot by Andrei Loktionov.
10:49 of 1st period - Goal by Andrei Loktionov - Golden Knights : 1 - Stars : 1.
10:50 of 1st period - Andrei Loktionov wins face-off versus Guillaume Latendresse in neutral zone.
11:01 of 1st period - Slapshot by Michael Frolik.
11:01 of 1st period - Shot Misses the Net.
11:03 of 1st period - Snap shot by Jared Cowen.
11:03 of 1st period - Shot Blocked by Brian Lee.
12:12 of 1st period - Snap shot by Ted Purcell.
12:12 of 1st period - Stopped by Ondrej Pavelec without a rebound.
12:13 of 1st period - John Tavares wins face-off versus Andrei Loktionov in Golden Knights zone.
12:39 of 1st period - Tyson Barrie is hit by Thomas Vanek and loses puck.
13:10 of 1st period - Wrist shot by Cory Emmerton.
13:10 of 1st period - Stopped by Ondrej Pavelec without a rebound.
13:11 of 1st period - Andrei Loktionov wins face-off versus Michael Grabner in Golden Knights zone.
13:18 of 1st period - Michael Frolik is hit by Ian White and loses puck.
13:25 of 1st period - Snap shot by Michael Grabner.
13:25 of 1st period - Stopped by Ondrej Pavelec without a rebound.
13:26 of 1st period - John Tavares wins face-off versus Andrei Loktionov in Golden Knights zone.
13:42 of 1st period - Zach Bogosian is hit by Brian Lee.
14:13 of 1st period - Icing by Antoine Vermette.
14:14 of 1st period - Patrice Cormier wins face-off versus Cory Emmerton in Stars zone.
14:15 of 1st period - Snap shot by Nathan Horton.
14:15 of 1st period - Shot Misses the Net.
14:17 of 1st period - Snap shot by Patrice Cormier.
14:17 of 1st period - Shot Misses the Net.
14:19 of 1st period - Snap shot by Nathan Horton.
14:19 of 1st period - Shot Misses the Net.
14:21 of 1st period - Wrist shot by Shawn Matthias.
14:21 of 1st period - Stopped by Matt Murray with a rebound.
14:23 of 1st period - Snap shot by Nathan Horton.
14:23 of 1st period - Stopped by Matt Murray with a rebound.
14:25 of 1st period - Snap shot by Vladimir Mihalik.
14:25 of 1st period - Stopped by Matt Murray with a rebound.
14:27 of 1st period - Slapshot by Wes O'Neill.
14:27 of 1st period - Deflect By Nathan Horton.
14:27 of 1st period - Stopped by Matt Murray without a rebound.
14:28 of 1st period - Andrei Loktionov wins face-off versus John Tavares in Stars zone.
14:29 of 1st period - Slapshot by Michael Frolik.
14:29 of 1st period - Stopped by Matt Murray without a rebound.
14:30 of 1st period - Andrei Loktionov wins face-off versus John Tavares in Stars zone.
14:42 of 1st period - Wrist shot by Michael Frolik.
14:42 of 1st period - Shot Blocked by Brian Lee.
14:44 of 1st period - Wrist shot by Ilya Kovalchuk.
14:44 of 1st period - Stopped by Matt Murray with a rebound.
14:46 of 1st period - Snap shot by Ilya Kovalchuk.
14:46 of 1st period - Stopped by Matt Murray with a rebound.
16:17 of 1st period - Icing by Tyson Barrie.
16:18 of 1st period - John Tavares wins face-off versus Matt Stajan in Stars zone.
16:25 of 1st period - Slapshot by Tyson Barrie.
16:25 of 1st period - Deflect By Antoine Vermette.
16:25 of 1st period - Shot Misses the Net.
16:25 of 1st period - Puck is out of play.
16:26 of 1st period - Antoine Vermette wins face-off versus Andrei Loktionov in Golden Knights zone.
16:41 of 1st period - Slapshot by Alex Chiasson.
16:41 of 1st period - Stopped by Ondrej Pavelec without a rebound.
16:42 of 1st period - Matt Stajan wins face-off versus Guillaume Latendresse in Golden Knights zone.
16:53 of 1st period - Backhand shot by Thomas Vanek.
16:53 of 1st period - Shot Misses the Net.
16:55 of 1st period - Slapshot by Wes O'Neill.
16:55 of 1st period - Shot Misses the Net.
16:57 of 1st period - Snap shot by Wayne Simmonds.
16:57 of 1st period - Shot Blocked by Brian Lee.
17:09 of 1st period - Andrei Loktionov is hit by Antoine Vermette and loses puck.
17:49 of 1st period - Shawn Matthias is hit by Guillaume Latendresse and loses puck.
17:58 of 1st period - Patrice Cormier is hit by Michael Grabner and loses puck.
18:11 of 1st period - Snap shot by Jussi Jokinen.
18:11 of 1st period - Shot Misses the Net.
18:33 of 1st period - Snap shot by Matt Stajan.
18:33 of 1st period - Shot Blocked by Ted Purcell.
18:39 of 1st period - Wrist shot by Ted Purcell.
18:39 of 1st period - Shot Blocked by Matt Stajan.
18:41 of 1st period - Slapshot by Tyson Barrie.
18:41 of 1st period - Deflect By Wayne Simmonds.
18:41 of 1st period - Stopped by Ondrej Pavelec without a rebound.
18:42 of 1st period - Guillaume Latendresse wins face-off versus Andrei Loktionov in Golden Knights zone.
19:03 of 1st period - Minor Penalty to Brian Lee for Holding.
19:04 of 1st period - John Tavares wins face-off versus Andrei Loktionov in Stars zone.
19:31 of 1st period - Icing by Jared Cowen.
19:32 of 1st period - Matt Stajan wins face-off versus John Tavares in Golden Knights zone.
19:37 of 1st period - John Tavares is hit by Matt Stajan.
19:40 of 1st period - Off-side.
19:41 of 1st period - Ilya Kovalchuk wins face-off versus John Tavares in neutral zone.
19:57 of 1st period - Icing by Ilya Kovalchuk.
19:58 of 1st period - Matt Stajan wins face-off versus John Tavares in Golden Knights zone.
Goals for this period are 1 for Golden Knights vs 1 for Stars.
Shots for this period are 10 for Golden Knights vs 15 for Stars.
2nd period
0:01 of 2nd period - Andrei Loktionov wins face-off versus John Tavares in neutral zone.
0:06 of 2nd period - Wrist shot by Michael Frolik.
0:06 of 2nd period - Shot Blocked by Boris Valabik.
0:10 of 2nd period - Wrist shot by Michael Frolik.
0:10 of 2nd period - Shot Misses the Net.
0:12 of 2nd period - Wrist shot by Ilya Kovalchuk.
0:12 of 2nd period - Stopped by Matt Murray with a rebound.
0:14 of 2nd period - Wrist shot by Michael Frolik.
0:14 of 2nd period - Goal by Michael Frolik - Golden Knights : 2 - Stars : 1.
0:15 of 2nd period - Andrei Loktionov wins face-off versus John Tavares in neutral zone.
1:14 of 2nd period - Slapshot by Ian White.
1:14 of 2nd period - Shot Blocked by Mathew Dumba.
1:30 of 2nd period - Snap shot by Evgeny Grachev.
1:30 of 2nd period - Shot Misses the Net.
1:58 of 2nd period - Wrist shot by Michael Frolik.
1:58 of 2nd period - Stopped by Matt Murray with a rebound.
2:00 of 2nd period - Snap shot by Michael Kostka.
2:00 of 2nd period - Shot Blocked by Shane O'Brien.
2:16 of 2nd period - Snap shot by Alex Chiasson.
2:16 of 2nd period - Stopped by Ondrej Pavelec without a rebound.
2:17 of 2nd period - Thomas Vanek wins face-off versus Antoine Vermette in Golden Knights zone.
2:34 of 2nd period - Paul Ladue is hit by Matt Stajan.
2:54 of 2nd period - Snap shot by Michael Frolik.
2:54 of 2nd period - Stopped by Matt Murray without a rebound.
2:55 of 2nd period - Cory Emmerton wins face-off versus Patrice Cormier in Stars zone.
2:55 of 2nd period - Cory Emmerton is hit by Patrice Cormier.
3:03 of 2nd period - Snap shot by Nathan Horton.
3:03 of 2nd period - Shot Blocked by Alexander Frolov.
3:05 of 2nd period - Snap shot by Shawn Matthias.
3:05 of 2nd period - Stopped by Matt Murray without a rebound.
3:06 of 2nd period - Andrei Loktionov wins face-off versus John Tavares in Stars zone.
3:09 of 2nd period - Snap shot by Michael Frolik.
3:09 of 2nd period - Shot Blocked by Brian Lee.
3:11 of 2nd period - Wrist shot by Jared Cowen.
3:11 of 2nd period - Deflect By John Tavares.
3:11 of 2nd period - Stopped by Matt Murray without a rebound.
3:12 of 2nd period - John Tavares wins face-off versus Andrei Loktionov in Stars zone.
3:14 of 2nd period - Minor Penalty to John Tavares for Slashing.
3:15 of 2nd period - Evgeny Grachev wins face-off versus Andrei Loktionov in Stars zone.
3:41 of 2nd period - Thomas Vanek is hit by Ian White and loses puck.
4:46 of 2nd period - Ilya Kovalchuk is hit by Boris Valabik and loses puck.
5:14 of 2nd period - Penalty to John Tavares is over, John Tavares is back on ice.
5:21 of 2nd period - Wrist shot by Alexander Frolov.
5:21 of 2nd period - Stopped by Ondrej Pavelec without a rebound.
5:22 of 2nd period - Patrice Cormier wins face-off versus B.J. Crombeen in Golden Knights zone.
5:29 of 2nd period - Snap shot by Nathan Horton.
5:29 of 2nd period - Deflect By Shawn Matthias.
5:29 of 2nd period - Shot Blocked by Paul Ladue.
5:29 of 2nd period - Puck is out of play.
5:30 of 2nd period - Patrice Cormier wins face-off versus John Tavares in Stars zone.
6:03 of 2nd period - Snap shot by Michael Frolik.
6:03 of 2nd period - Stopped by Matt Murray with a rebound.
6:07 of 2nd period - Wrist shot by Michael Frolik.
6:07 of 2nd period - Shot Misses the Net.
6:17 of 2nd period - Paul Ladue is hit by Thomas Vanek and loses puck.
6:58 of 2nd period - Snap shot by John Tavares.
6:58 of 2nd period - Stopped by Ondrej Pavelec without a rebound.
6:59 of 2nd period - Patrice Cormier wins face-off versus John Tavares in Golden Knights zone.
7:12 of 2nd period - Slapshot by Nathan Horton.
7:12 of 2nd period - Stopped by Matt Murray with a rebound.
7:14 of 2nd period - Wrist shot by Shawn Matthias.
7:14 of 2nd period - Shot Misses the Net.
7:22 of 2nd period - Slapshot by Michael Kostka.
7:22 of 2nd period - Shot Misses the Net.
7:24 of 2nd period - Snap shot by Shawn Matthias.
7:24 of 2nd period - Stopped by Matt Murray with a rebound.
8:30 of 2nd period - Snap shot by Nathan Horton.
8:30 of 2nd period - Stopped by Matt Murray with a rebound.
8:38 of 2nd period - Wrist shot by Michael Kostka.
8:38 of 2nd period - Deflect By Shawn Matthias.
8:38 of 2nd period - Stopped by Matt Murray without a rebound.
8:39 of 2nd period - Jussi Jokinen wins face-off versus Andrei Loktionov in Stars zone.
8:48 of 2nd period - Snap shot by Jussi Jokinen.
8:48 of 2nd period - Stopped by Ondrej Pavelec without a rebound.
8:49 of 2nd period - Andrei Loktionov wins face-off versus Antoine Vermette in Golden Knights zone.
8:49 of 2nd period - Andrei Loktionov is hit by Boris Valabik.
9:06 of 2nd period - Minor Penalty to Boris Valabik for Slashing.
9:07 of 2nd period - John Tavares wins face-off versus Andrei Loktionov in Stars zone.
9:07 of 2nd period - John Tavares is hit by Ilya Kovalchuk.
9:16 of 2nd period - Ilya Kovalchuk is hit by Evgeny Grachev.
10:06 of 2nd period - Alexander Frolov is hit by Thomas Vanek and loses puck.
11:06 of 2nd period - Penalty to Boris Valabik is over, Boris Valabik is back on ice.
11:12 of 2nd period - Wrist shot by Nathan Horton.
11:12 of 2nd period - Stopped by Matt Murray with a rebound.
12:35 of 2nd period - Shane O'Brien is hit by Michael Kostka and loses puck.
13:58 of 2nd period - Minor Penalty to John Tavares for Hooking.
13:59 of 2nd period - Andrei Loktionov wins face-off versus Evgeny Grachev in Stars zone.
15:58 of 2nd period - Penalty to John Tavares is over, John Tavares is back on ice.
16:21 of 2nd period - Icing by Vladimir Zharkov.
16:22 of 2nd period - Chris Tierney wins face-off versus Evgeny Grachev in Golden Knights zone.
16:39 of 2nd period - Vladimir Mihalik is hit by Tyson Barrie and loses puck.
17:01 of 2nd period - Minor Penalty to Vladimir Mihalik for Hooking.
17:02 of 2nd period - Michael Frolik wins face-off versus John Tavares in Golden Knights zone.
18:15 of 2nd period - Wrist shot by Andrei Loktionov.
18:15 of 2nd period - Stopped by Matt Murray with a rebound.
18:17 of 2nd period - Wrist shot by Shawn Matthias.
18:17 of 2nd period - Shot Misses the Net.
18:19 of 2nd period - Wrist shot by Sergei Plotnikov.
18:19 of 2nd period - Deflect By Shawn Matthias.
18:19 of 2nd period - Stopped by Matt Murray without a rebound.
18:20 of 2nd period - Shawn Matthias wins face-off versus Antoine Vermette in Stars zone.
18:37 of 2nd period - Guillaume Latendresse is hit by Zach Bogosian and loses puck.
19:01 of 2nd period - Penalty to Vladimir Mihalik is over, Vladimir Mihalik is back on ice.
19:57 of 2nd period - Snap shot by Nathan Horton.
19:57 of 2nd period - Shot Misses the Net.
Goals for this period are 1 for Golden Knights vs 0 for Stars.
Shots for this period are 14 for Golden Knights vs 4 for Stars.
3rd period
0:01 of 3rd period - Andrei Loktionov wins face-off versus John Tavares in neutral zone.
0:30 of 3rd period - Wayne Simmonds is hit by Brian Lee.
0:35 of 3rd period - Off-side.
0:36 of 3rd period - Antoine Vermette wins face-off versus Matt Stajan in neutral zone.
0:49 of 3rd period - Wrist shot by Alex Chiasson.
0:49 of 3rd period - Stopped by Ondrej Pavelec with a rebound.
1:10 of 3rd period - Snap shot by Jussi Jokinen.
1:10 of 3rd period - Stopped by Ondrej Pavelec with a rebound.
1:16 of 3rd period - Snap shot by Jussi Jokinen.
1:16 of 3rd period - Goal by Jussi Jokinen - Golden Knights : 2 - Stars : 2.
1:17 of 3rd period - Andrei Loktionov wins face-off versus John Tavares in neutral zone.
1:22 of 3rd period - Wrist shot by Michael Frolik.
1:22 of 3rd period - Stopped by Matt Murray without a rebound.
1:23 of 3rd period - John Tavares wins face-off versus Andrei Loktionov in Stars zone.
1:23 of 3rd period - John Tavares is hit by Zach Bogosian.
1:53 of 3rd period - Alex Chiasson is hit by Wayne Simmonds and loses puck.
2:16 of 3rd period - Wrist shot by Alexander Frolov.
2:16 of 3rd period - Shot Misses the Net.
2:19 of 3rd period - Icing by Sergei Plotnikov.
2:20 of 3rd period - Chris Tierney wins face-off versus John Tavares in Golden Knights zone.
2:31 of 3rd period - Sergei Plotnikov is hit by Boris Valabik and loses puck.
3:26 of 3rd period - Jussi Jokinen is hit by Mathew Dumba.
3:29 of 3rd period - Off-side.
3:30 of 3rd period - John Tavares wins face-off versus Matt Stajan in neutral zone.
6:08 of 3rd period - Slapshot by Boris Valabik.
6:08 of 3rd period - Stopped by Ondrej Pavelec without a rebound.
6:09 of 3rd period - Patrice Cormier wins face-off versus Antoine Vermette in Golden Knights zone.
6:26 of 3rd period - Wrist shot by Tyson Barrie.
6:26 of 3rd period - Stopped by Ondrej Pavelec with a rebound.
6:36 of 3rd period - Tyson Barrie is hit by Michael Frolik and loses puck.
7:49 of 3rd period - Snap shot by Jussi Jokinen.
7:49 of 3rd period - Stopped by Ondrej Pavelec without a rebound.
7:50 of 3rd period - John Tavares wins face-off versus Andrei Loktionov in Golden Knights zone.
8:24 of 3rd period - Minor Penalty to Wayne Simmonds for Holding.
8:25 of 3rd period - Michael Frolik wins face-off versus John Tavares in Golden Knights zone.
8:29 of 3rd period - Minor Penalty to Brian Lee for Slashing.
8:30 of 3rd period - John Tavares wins face-off versus Michael Frolik in Stars zone.
8:41 of 3rd period - Slapshot by Guillaume Latendresse.
8:41 of 3rd period - Shot Misses the Net.
8:43 of 3rd period - Snap shot by Guillaume Latendresse.
8:43 of 3rd period - Shot Blocked by Zach Bogosian.
9:41 of 3rd period - Zach Bogosian is hit by Boris Valabik and loses puck.
10:24 of 3rd period - Penalty to Wayne Simmonds is over, Wayne Simmonds is back on ice.
10:29 of 3rd period - Penalty to Brian Lee is over, Brian Lee is back on ice.
10:34 of 3rd period - Boris Valabik is hit by Ilya Kovalchuk and loses puck.
10:48 of 3rd period - Minor Penalty to Wayne Simmonds for Hooking.
10:49 of 3rd period - John Tavares wins face-off versus Andrei Loktionov in Golden Knights zone.
10:59 of 3rd period - Slapshot by Michael Grabner.
10:59 of 3rd period - Deflect By John Tavares.
10:59 of 3rd period - Shot Blocked by Zach Bogosian.
10:59 of 3rd period - Puck is out of play.
11:00 of 3rd period - Michael Grabner wins face-off versus Michael Frolik in Golden Knights zone.
11:01 of 3rd period - Wrist shot by John Tavares.
11:01 of 3rd period - Stopped by Ondrej Pavelec with a rebound.
11:03 of 3rd period - Slapshot by Brian Lee.
11:03 of 3rd period - Stopped by Ondrej Pavelec with a rebound.
11:05 of 3rd period - Slapshot by John Tavares.
11:05 of 3rd period - Stopped by Ondrej Pavelec without a rebound.
11:06 of 3rd period - Michael Frolik wins face-off versus John Tavares in Golden Knights zone.
11:21 of 3rd period - Wrist shot by Guillaume Latendresse.
11:21 of 3rd period - Deflect By John Tavares.
11:21 of 3rd period - Shot Blocked by Zach Bogosian.
11:21 of 3rd period - Puck is out of play.
11:22 of 3rd period - John Tavares wins face-off versus Michael Frolik in Golden Knights zone.
11:23 of 3rd period - Snap shot by Guillaume Latendresse.
11:23 of 3rd period - Stopped by Ondrej Pavelec with a rebound.
11:25 of 3rd period - Slapshot by Ian White.
11:25 of 3rd period - Stopped by Ondrej Pavelec with a rebound.
11:27 of 3rd period - Snap shot by Michael Grabner.
11:27 of 3rd period - Stopped by Ondrej Pavelec with a rebound.
11:29 of 3rd period - Backhand shot by Michael Grabner.
11:29 of 3rd period - Goal by Michael Grabner - Golden Knights : 2 - Stars : 3.
11:30 of 3rd period - Andrei Loktionov wins face-off versus John Tavares in neutral zone.
11:59 of 3rd period - Off-side.
12:00 of 3rd period - Patrice Cormier wins face-off versus Antoine Vermette in neutral zone.
12:07 of 3rd period - Slapshot by Patrice Cormier.
12:07 of 3rd period - Shot Blocked by Alex Chiasson.
12:09 of 3rd period - Slapshot by Michael Kostka.
12:09 of 3rd period - Shot Misses the Net.
12:11 of 3rd period - Snap shot by Patrice Cormier.
12:11 of 3rd period - Shot Misses the Net.
12:13 of 3rd period - Slapshot by Mathew Dumba.
12:13 of 3rd period - Stopped by Matt Murray with a rebound.
12:17 of 3rd period - Slapshot by Nathan Horton.
12:17 of 3rd period - Shot Blocked by Alex Chiasson.
12:23 of 3rd period - Wrist shot by Patrice Cormier.
12:23 of 3rd period - Stopped by Matt Murray with a rebound.
12:27 of 3rd period - Wrist shot by Nathan Horton.
12:27 of 3rd period - Deflect By Patrice Cormier.
12:27 of 3rd period - Stopped by Matt Murray with a rebound.
12:29 of 3rd period - Slapshot by Michael Kostka.
12:29 of 3rd period - Shot Misses the Net.
12:31 of 3rd period - Slapshot by Patrice Cormier.
12:31 of 3rd period - Goal by Patrice Cormier - Golden Knights : 3 - Stars : 3.
12:32 of 3rd period - Andrei Loktionov wins face-off versus Michael Grabner in neutral zone.
12:35 of 3rd period - Slapshot by Michael Frolik.
12:35 of 3rd period - Shot Misses the Net.
12:53 of 3rd period - Michael Frolik is hit by Ian White and loses puck.
13:06 of 3rd period - Backhand shot by Zach Bogosian.
13:06 of 3rd period - Goal by Zach Bogosian - Golden Knights : 4 - Stars : 3.
13:07 of 3rd period - Antoine Vermette wins face-off versus Matt Stajan in neutral zone.
13:16 of 3rd period - Snap shot by Alex Chiasson.
13:16 of 3rd period - Stopped by Ondrej Pavelec with a rebound.
13:34 of 3rd period - Andrei Loktionov is hit by Michael Grabner and loses puck.
13:42 of 3rd period - Double Minor Penalty to John Tavares for Roughing.
13:43 of 3rd period - Andrei Loktionov wins face-off versus Evgeny Grachev in Stars zone.
13:52 of 3rd period - Snap shot by Andrei Loktionov.
13:52 of 3rd period - Stopped by Matt Murray with a rebound.
14:16 of 3rd period - Slapshot by Zach Bogosian.
14:16 of 3rd period - Deflect By Wayne Simmonds.
14:16 of 3rd period - Goal by Wayne Simmonds - Golden Knights : 5 - Stars : 3.
14:17 of 3rd period - Evgeny Grachev wins face-off versus Ilya Kovalchuk in neutral zone.
14:26 of 3rd period - Slapshot by Evgeny Grachev.
14:26 of 3rd period - Shot Blocked by Zach Bogosian.
14:50 of 3rd period - Slapshot by Jared Cowen.
14:50 of 3rd period - Shot Blocked by Guillaume Latendresse.
14:52 of 3rd period - Wrist shot by Matt Stajan.
14:52 of 3rd period - Goal by Matt Stajan - Golden Knights : 6 - Stars : 3.
14:53 of 3rd period - Antoine Vermette wins face-off versus Andrei Loktionov in neutral zone.
15:20 of 3rd period - Jared Cowen is hit by Brian Lee.
15:46 of 3rd period - Snap shot by Nathan Horton.
15:46 of 3rd period - Deflect By Patrice Cormier.
15:46 of 3rd period - Stopped by Matt Murray without a rebound.
15:47 of 3rd period - Michael Frolik wins face-off versus Michael Grabner in Stars zone.
15:50 of 3rd period - Snap shot by Ilya Kovalchuk.
15:50 of 3rd period - Deflect By Andrei Loktionov.
15:50 of 3rd period - Stopped by Matt Murray without a rebound.
15:51 of 3rd period - Michael Frolik wins face-off versus John Tavares in Stars zone.
16:02 of 3rd period - Wrist shot by Michael Frolik.
16:02 of 3rd period - Shot Misses the Net.
16:20 of 3rd period - Wrist shot by Alexander Frolov.
16:20 of 3rd period - Stopped by Ondrej Pavelec with a rebound.
16:22 of 3rd period - Snap shot by B.J. Crombeen.
16:22 of 3rd period - Stopped by Ondrej Pavelec with a rebound.
16:24 of 3rd period - Wrist shot by Shane O'Brien.
16:24 of 3rd period - Stopped by Ondrej Pavelec with a rebound.
16:26 of 3rd period - Snap shot by Cory Emmerton.
16:26 of 3rd period - Goal by Cory Emmerton - Golden Knights : 6 - Stars : 4.
16:27 of 3rd period - Nathan Horton wins face-off versus Cory Emmerton in neutral zone.
16:42 of 3rd period - Backhand shot by Zach Bogosian.
16:42 of 3rd period - Deflect By Patrice Cormier.
16:42 of 3rd period - Stopped by Matt Murray with a rebound.
16:44 of 3rd period - Minor Penalty to Brian Lee for Holding.
16:45 of 3rd period - Andrei Loktionov wins face-off versus John Tavares in Stars zone.
16:50 of 3rd period - Slapshot by Ilya Kovalchuk.
16:50 of 3rd period - Stopped by Matt Murray with a rebound.
16:52 of 3rd period - Slapshot by Jared Cowen.
16:52 of 3rd period - Shot Misses the Net.
16:54 of 3rd period - Wrist shot by Ilya Kovalchuk.
16:54 of 3rd period - Shot Blocked by Guillaume Latendresse.
18:07 of 3rd period - Slapshot by Evgeny Grachev.
18:07 of 3rd period - Shot Misses the Net.
18:09 of 3rd period - Wrist shot by Evgeny Grachev.
18:09 of 3rd period - Stopped by Ondrej Pavelec without a rebound.
18:10 of 3rd period - Evgeny Grachev wins face-off versus Andrei Loktionov in Golden Knights zone.
18:44 of 3rd period - Penalty to Brian Lee is over, Brian Lee is back on ice.
19:00 of 3rd period - Cory Emmerton is hit by Nathan Horton and loses puck.
19:15 of 3rd period - Slapshot by Michael Kostka.
19:15 of 3rd period - Shot Blocked by Evgeny Grachev.
19:17 of 3rd period - Snap shot by Sergei Plotnikov.
19:17 of 3rd period - Stopped by Matt Murray with a rebound.
19:19 of 3rd period - Backhand shot by Michael Kostka.
19:19 of 3rd period - Stopped by Matt Murray without a rebound.
19:20 of 3rd period - Chris Tierney wins face-off versus Evgeny Grachev in Stars zone.
19:26 of 3rd period - Minor Penalty to Brian Lee for Interference.
19:27 of 3rd period - Andrei Loktionov wins face-off versus John Tavares in Stars zone.
19:37 of 3rd period - Slapshot by John Tavares.
19:37 of 3rd period - Stopped by Ondrej Pavelec without a rebound.
19:38 of 3rd period - John Tavares wins face-off versus Andrei Loktionov in Golden Knights zone.
19:47 of 3rd period - Snap shot by Guillaume Latendresse.
19:47 of 3rd period - Stopped by Ondrej Pavelec without a rebound.
19:48 of 3rd period - Andrei Loktionov wins face-off versus John Tavares in Golden Knights zone.
19:54 of 3rd period - Off-side.
19:55 of 3rd period - Andrei Loktionov wins face-off versus John Tavares in neutral zone.
19:58 of 3rd period - Slapshot by Jared Cowen.
19:58 of 3rd period - Shot Blocked by Ian White.
Goals for this period are 4 for Golden Knights vs 3 for Stars.
Shots for this period are 15 for Golden Knights vs 21 for Stars.